 Dungeon Crawl Stone Soup version 0.29.1-12-g30fa7ad0bf (webtiles) character file.

Game seed: 16678904452942633405

1634 warriortoast the Covert (level 8, -9/42 HPs)
             Began as a Spriggan Hunter on Dec 14, 2022.
             Was an Initiate of Fedhas.
             Asphyxiated
             ... on level 5 of the Dungeon.
             The game lasted 00:10:18 (5932 turns).

warriortoast the Covert (Spriggan Hunter)           Turns: 5932, Time: 00:10:19

Health: -9/42      AC:  3    Str:  7    XL:     8   Next: 66%
Magic:  9/9        EV: 23    Int: 10    God:    Fedhas [......]
Gold:   212        SH:  0    Dex: 21    Spells: 7/7 levels left

rFire   . . .      SeeInvis +   a - +0 shortbow
rCold   . . .      Faith    .   (shield currently unavailable)
rNeg    . . .      Spirit   .   c - +0 robe
rPois   .          Reflect  .   (helmet restricted)
rElec   .          Harm     .   y - +0 cloak
rCorr   .          Rampage  .   (gloves unavailable)
Will    +....                   (boots unavailable)
Stlth   +++.......              (no amulet)
HPRegen 0.14/turn               (no ring)
MPRegen 0.11/turn               (no ring)

@: lethally poisoned (-9 -> -19), silenced, on berserk cooldown, slowed,
invisible, quick
A: very small, no large weapons, unfitting armour, see invisible, speed 3
a: Renounce Religion


You were on level 5 of the Dungeon.
You worshipped Fedhas.
Fedhas was noncommittal.
You visited 2 branches of the dungeon, and saw 6 of its levels.

You collected 212 gold pieces.

Inventory:

Hand Weapons
 a - a +0 shortbow (weapon)
Missiles
 w - 2 throwing nets
Armour
 c - a +0 robe (worn)
 y - a +0 cloak (worn)
Jewellery
 k - a ring of resist corrosion
 m - a ring of fire
 p - a ring of fire
 v - a +6 ring of intelligence
Wands
 x - a wand of flame (22)
Scrolls
 b - a scroll of immolation
 g - 2 scrolls of teleportation {unknown}
 j - a scroll of vulnerability {unknown}
 n - a scroll of noise {unknown}
 o - a scroll of poison {unknown}
 q - 2 scrolls of silence
 s - a scroll of enchant armour {unknown}
 u - a scroll of amnesia {unknown}
 z - a scroll of enchant weapon {unknown}
 A - a scroll of blinking {unknown}
 B - 2 scrolls of magic mapping {unknown}
Potions
 i - a potion of flight
 l - 2 potions of mutation
 r - 2 potions of degeneration
 t - a potion of attraction {unknown}


   Skills:
 + Level 4.8 Fighting
 + Level 6.8 Ranged Weapons
 + Level 7.7 Dodging
 + Level 8.6 Stealth


You had 7 spell levels left.
You didn't know any spells.
Your spell library contained the following spells:

 Spells                   Type           Power      Damage    Failure   Level
 Apportation              Tloc           0%         N/A       36%         1
 Necrotise                Necr           0%         1d4       36%         1
 Summon Small Mammal      Summ           0%         N/A       36%         1
 Ensorcelled Hibernation  Hex/Ice        0%         N/A       50%         2
 Call Canine Familiar     Summ           0%         N/A       75%         3
 Frozen Ramparts          Ice            0%         1d1       75%         3
 Lesser Beckoning         Tloc           0%         N/A       75%         3
 Summon Guardian Golem    Hex/Summ       0%         N/A       75%         3
 Simulacrum               Ice/Necr       0%         N/A       100%        6


Dungeon Overview and Level Annotations

Branches:
Dungeon (5/15)             Temple (1/1) D:4

Altars:
Cheibriados
Dithmenos
Fedhas
Gozag
Kikubaaqudgha
Qazlal
Ru
Trog
Uskayaw
Vehumet
The Shining One
Lugonu


Innate Abilities, Weirdness & Mutations

You are very small and have problems with some larger weapons.
You are too small for most types of armour.
You have supernaturally acute eyesight. (SInv)
You cover ground extremely quickly. (Speed+++)


Message History

Press: ? - help, Q - select action, (/) - cycle Shift-Dir - straight line, f/p - kobold brigand
Aim: a kobold brigand, wielding a +0 dagger and quivering curare-tipped darts (silenced, severely wounded, unable to see you, 61% to hit)
You shoot an arrow. The arrow hits the kobold brigand.
The kobold brigand is almost dead.
The kobold brigand misses you.
The kobold brigand completely misses you. x2
The kobold brigand misses you.
Fire: a) +0 shortbow
Press: ? - help, Q - select action, (/) - cycle Shift-Dir - straight line, f/p - kobold brigand
Aim: a kobold brigand, wielding a +0 dagger and quivering curare-tipped darts (silenced, almost dead, unable to see you, 61% to hit)
You shoot an arrow.
The arrow closely misses the kobold brigand.
The kobold brigand closely misses you. x3
The kobold brigand completely misses you.
Do you really want to go berserk while wielding your +0 shortbow?
A red film seems to cover your vision as you go berserk!
You feel yourself moving faster!
You feel mighty!
You feel yourself speed up.
The kobold brigand completely misses you.
The kobold brigand closely misses you.
Unknown command.
Really attack while wielding your +0 shortbow?
You hit the kobold brigand!
You kill the kobold brigand!
Fedhas appreciates your contribution to the ecosystem.
The kobold brigand closely misses you.
Things that are here:
a +0 dagger; a curare-tipped dart; a kobold corpse You feel a strong urge to attack something.
You feel your anger nearly subside.
You are no longer berserk.
You are exhausted.
You feel yourself slow down.
Things that are here:
a +0 short sword; a curare-tipped dart; a kobold corpse The kobold brigand throws a curare-tipped dart.
The curare-tipped dart hits you.
You are lethally poisoned!
You have difficulty breathing.
You die...
Fedhas appreciates your contribution to the ecosystem.

#P.P#.....##.# .......#####.#
.......# #.# P..###.# #.# ####
P.P# #.# #.# ###..## # P.####.#
#.# #.....##### # _.#.##.#
##.###.~~~.K...# # ..#....#
##...##.....###)# #
#####.####..<...@)~~.# #.# #
#............~...# #.# #
########.##....#####.##### #
#.#######.........# # ##..)..##
#.# #.###.##..#### #.......#
##+## #.#.....~.~.~#
#÷.$.K..###...## #.#.≈.#.......
÷÷...÷.##..>..##
##...~.~~~..≈~.
÷K.K÷##.......###.K.)~~~~≈~.~~~


You could see a kobold brigand (unable to see you).

Vanquished Creatures
  Pikel (D:3)
  Sigmund (D:5)
  Menkaure (D:4)
  A water moccasin (D:5)
  2 lemures (D:4)
  A phantom (D:5)
  3 kobold brigands (D:5)
  Blork the orc (D:3)
  A bullfrog (D:3)
  A scorpion (D:3)
  A hound (D:5)
  A jelly (D:4)
  Crazy Yiuf (D:4)
  2 iguanas
  3 gnolls (D:4)
  2 adders
  A white imp (D:5)
  2 ufetubi (D:5)
  A dart slug (D:3)
  9 orcs
  6 ball pythons
  9 endoplasms
  6 giant cockroaches
  5 goblins
  7 hobgoblins
  2 jackals (D:1)
  10 kobolds
  6 quokkas
  8 bats
  5 frilled lizards
  8 rats
108 creatures vanquished.

Vanquished Creatures (others)
  A fungus (D:4)
1 creature vanquished.

Grand Total: 109 creatures vanquished

Notes
Turn   | Place    | Note
-------+----------+-------------------------------------------
     0 | D:1      | warriortoast the Spriggan Hunter began the quest for the
                  | Orb.
     0 | D:1      | Reached XP level 1. HP: 10/10 MP: 2/2
   235 | D:1      | Reached skill level 2 in Stealth
   349 | D:1      | Reached XP level 2. HP: 14/15 MP: 3/3
  1252 | D:2      | Found a faded altar of an unknown god.
  1285 | D:2      | Reached XP level 3. HP: 18/18 MP: 4/4
  1474 | D:2      | Reached skill level 3 in Stealth
  1778 | D:2      | You fall into a shaft and drop 2 floors!
  1849 | D:3      | Reached XP level 4. HP: 23/23 MP: 5/5
  1915 | D:3      | Found an opulent altar of Gozag.
  2213 | D:3      | Noticed a scorpion
  2228 | D:3      | Killed a scorpion
  2229 | D:3      | Reached skill level 4 in Stealth
  2229 | D:3      | Reached XP level 5. HP: 20/27 MP: 6/6
  2301 | D:3      | Identified the +2 chain mail of the Dungeon {+Blink Will-
                  | Str+4}
  2644 | D:3      | Got the Grimoire of Discontinuous Hoarfrost
  2808 | D:4      | Noticed a lemure
  2809 | D:4      | Noticed a lemure
  2809 | D:4      | Noticed Pikel
  2809 | D:4      | Noticed a lemure
  2840 | D:4      | Killed a lemure
  2849 | D:4      | Killed a lemure
  2865 | D:4      | Noticed Menkaure
  3000 | D:3      | Killed Pikel
  3001 | D:3      | Reached skill level 5 in Ranged Weapons
  3001 | D:3      | Reached skill level 5 in Dodging
  3001 | D:3      | Reached skill level 6 in Stealth
  3001 | D:3      | Reached XP level 6. HP: 18/32 MP: 7/7
  3001 | D:3      | Reached XP level 7. HP: 21/36 MP: 8/8
  3025 | D:4      | Noticed Blork the orc
  3606 | D:3      | Killed Blork the orc
  3699 | D:4      | Killed Menkaure
  3700 | D:4      | Reached skill level 7 in Stealth
  3758 | D:4      | Found a staircase to the Ecumenical Temple.
  3765 | Temple   | Entered the Ecumenical Temple
  3932 | D:4      | Found a stormy altar of Qazlal.
  3934 | D:4      | Noticed a fire elemental
  3934 | D:4      | Noticed an air elemental
  3934 | D:4      | Noticed a water elemental
  4051 | D:4      | Found a runed translucent door.
  4052 | D:4      | Noticed Crazy Yiuf
  4348 | D:4      | Killed Crazy Yiuf
  4349 | D:4      | Reached XP level 8. HP: 32/42 MP: 9/9
  4457 | D:5      | Entered Level 5 of the Dungeon
  4609 | D:5      | Noticed Sigmund
  4613 | D:5      | Killed Sigmund
  4890 | D:5      | Reached skill level 8 in Stealth
  5259 | D:5      | Found a blossoming altar of Fedhas.
  5259 | D:5      | Found an ancient bone altar of Kikubaaqudgha.
  5305 | D:5      | Became a worshipper of Fedhas Madash
  5747 | D:5      | Found the +7 Throatcutter {drain, coup de grace}
  5913 | D:5      | HP: 1/42 [poisoned by a kobold brigand (curare-tipped
                  | dart)]
  5919 | D:5      | HP: 1/42 [kobold brigand/+0 short sword (7)]
  5932 | D:5      | Asphyxiated

Illustrated notes

Levels and vault maps discovered:
D:1:      lightli_arrival_maybe_door_vault, layout_basic,
          chequers_serial_rivers_micro_c, minmay_tetromino_l4
D:2:      layout_loops_ring, ebering_ecumenical_altar_abandoned
D:3:      layout_loops_cross, mainiacjoe_overflow_catwalk
D:4:      layout_rooms, nicolae_qazlal_style_of_elements,
          minmay_temple_entry_trees, uniq_crazy_yiuf_cottage, uniq_menkaure,
          uniq_blork_the_orc, uniq_pikel
D:5:      layout_loops_corners, grunt_temple_overflow_growth_and_decay,
          serial_rivers, chequers_serial_rivers_micro_e,
          chequers_serial_rivers_micro_d, chequers_serial_rivers_micro_c,
          chequers_serial_rivers_large_b, chequers_serial_rivers_marsh,
          chequers_serial_rivers_micro_c, hangedman_decor_push,
          serial_bayou_pond_d, dilly_guarded_unrand_throatcut, uniq_sigmund
Temple:   corrupted_temple

Skill      XL: |  1  2  3  4  5  6  7  8 |
---------------+-------------------------+-----
Stealth        | 2 3 4 6 7 8 |  8.6
Dodging        | 3 4 5 6 7 |  7.7
Fighting       | 2 3 4 |  4.8
Ranged Weapons | 5 6 |  6.8

Action                   |  1- 3 |  4- 6 |  7- 9 || total
-------------------------+-------+-------+-------++-------
Melee: Shortbow          |       |       |     1 ||     1
 Fire: Shortbow          |   120 |   110 |   155 ||   385
  Use: Scroll            |       |       |     5 ||     5
       Potion            |       |       |     4 ||     4
Armor: Robe              |     2 |       |     4 ||     6
Dodge: Dodged            |    27 |    38 |   110 ||   175
